 Dungeon Crawl Stone Soup version 0.16-a0-3187-geb38783 (webtiles) character file.

1358 PolkaDot the Caller (level 8, -3/60 HPs)
             Began as a Vampire Summoner on Dec 17, 2014.
             Was a Follower of Sif Muna.
             Slain by a polar bear (14 damage)
             ... on level 7 of the Dungeon.
             The game lasted 00:29:07 (7213 turns).

PolkaDot the Caller (Vampire Summoner)              Turns: 7213, Time: 00:29:07

Health: -3/60      AC:  5    Str: 11    XL:     8   Next: 37%
Magic:  3/16       EV: 14    Int: 22    God:    Sif Muna [*.....]
Gold:   332        SH:  4    Dex: 16    Spells: 4 memorised, 3 levels left

rFire  . . .     SeeInvis +     g - +0 trident
rCold  . . .     Clarity  +     a - +0 robe
rNeg   + . .     SustAb   .     p - +0 buckler
rPois  +         Gourm    .     (no helmet)
rElec  .         Spirit   .     (no cloak)
rCorr  .         Warding  .     k - +0 pair of gloves
rMut   .         Stasis   .     (no boots)
MR     .....                    q - amulet "Atyjic" {Clar Str+4 Int+3 Dex+2}
Stlth  +++.......               (no ring)
                                h - +2 ring of protection

@: about to teleport, not resistant to hostile enchantments, fairly stealthy
A: bottle blood, fangs 3, see invisible, poison resistance, unbreathing
a: Bat Form, Channel Energy, Renounce Religion


You were on level 7 of the Dungeon.
You worshipped Sif Muna.
Sif Muna was aware of your devotion.
You were not thirsty.

You visited 2 branches of the dungeon, and saw 8 of its levels.
You also visited: Sewer.

You collected 332 gold pieces.

Inventory:

Hand weapons
 g - a +0 trident (weapon)
 j - a +0 dagger
Armour
 a - a +0 robe (worn)
 k - a +0 pair of gloves (worn)
 p - a +0 buckler (worn)
Jewellery
 h - a +2 ring of protection (left hand)
 q - the amulet "Atyjic" (around neck) {Clar Str+4 Int+3 Dex+2}
   (You found it on level 4 of the Dungeon)

   [amulet of clarity]

   It provides mental clarity.
   It affects your strength (+4).
   It affects your intelligence (+3).
   It affects your dexterity (+2).
Scrolls
 c - a scroll of summoning {unknown}
 d - a scroll of immolation
 e - 2 scrolls of enchant weapon
 n - a scroll of magic mapping
 o - 3 scrolls of remove curse
 s - a scroll of fog
 t - a scroll of noise {unknown}
 u - a scroll of random uselessness {unknown}
 v - a scroll of blinking {unknown}
Potions
 i - 2 potions of resistance
 l - 7 potions of blood {@*1}
 r - a potion of restore abilities
Books
 b - a book of Callings

   Spells                             Type                      Level
   a - Summon Small Mammal            Summoning                    1
   b - Call Imp                       Summoning                    2
   c - Call Canine Familiar           Summoning                    3
   d - Summon Guardian Golem          Hexes/Summoning              4
   e - Summon Lightning Spire         Summoning/Air                4
   f - Summon Ice Beast               Ice/Summoning                4


   Skills:
 - Level 4.1 Fighting
 + Level 5.0 Dodging
 - Level 3.0 Stealth
 - Level 2.0 Shields
 - Level 3.0 Spellcasting
 + Level 6.2 Summonings
 * Level 5.0 Ice Magic


You had 3 spell levels left.
You knew the following spells:

 Your Spells              Type           Power        Failure   Level  Hunger
d - Call Canine Familiar  Summ           ####....     2%          3    ###....
i - Summon Ice Beast      Ice/Summ       ####....     14%         4    ####...
s - Call Imp              Summ           ####....     1%          2    ##.....
z - Summon Small Mammal   Summ           ####         1%          1    None


Dungeon Overview and Level Annotations

Branches:
Dungeon (7/15)             Temple (1/1) D:5

Altars:
Ashenzari
Cheibriados
Dithmenos
Elyvilon
Gozag
Kikubaaqudgha
Makhleb
Okawaru
Qazlal
Ru
Sif Muna
Vehumet
Xom
Yredelemnul
Zin
The Shining One

Annotations:
D:7 runed door


Innate Abilities, Weirdness & Mutations

You can bottle blood from corpses.
You have razor-sharp teeth.
You have supernaturally acute eyesight.
You can survive without breathing.
Your system is resistant to poisons.


Message History

Read which item? (? for menu, Esc to quit)
Okay, then.
Unknown command.
Read which item? (? for menu, Esc to quit)
As you read the scroll of teleportation, it crumbles to dust.
You feel strangely unstable. The polar bear bites your ice beast!
The polar bear claws your ice beast.
The polar bear claws your ice beast but does no damage.
The hippogriff bites your ice beast but does no damage.
The hippogriff pecks your ice beast.
Your ice beast dies!
The hippogriff closely misses your crimson imp.
The hippogriff pecks your crimson imp. The hippogriff claws your crimson imp.
Your crimson imp dies!
Your ice beast hits the hippogriff but does no damage.
You block the hippogriff's attack. The hippogriff pecks you.
* * * LOW HITPOINT WARNING * * *
The hippogriff closely misses you. The polar bear bites you!
You die...

... ###..###...##...###.
.####.#.###.....)†.........##.
............#h..#######.......
#####.#.#.###Y..#....h#....###
#.##.##...#.....#...## ..
..#..††H....#....# ##.
.##YYhh.....#....# #.
###.H.Hh....#....### ..
#@h.H.....#......> ..
#...#.....##.##### #
#...#.....#..#
#...########.##### #..#.
..#.... #..#.# #...### #).#.#
$ # #..... # ... .. #


You could see 3 polar bears, a yak, 4 hippogriffs, 2 black bears and 2 friendly
ice beasts.

Vanquished Creatures
  Purgy (Sewer)
  A sky beast (D:6)
  3 giant frogs (D:6)
  A goliath beetle (D:6)
  A crimson imp (D:6)
  An orc wizard (D:7)
  A hound (D:6)
  An iguana (D:5)
  4 worker ants
  2 adders
  2 giant mites
  2 adder skeletons (D:5)
  A giant gecko (D:4)
  11 orcs
  11 bats
  2 bat skeletons (D:4)
  5 bat zombies (D:4)
  5 giant cockroaches
  4 goblins
  9 hobgoblins
  4 jackals (D:6)
  5 kobolds
  3 quokkas
  6 giant newts
  10 rats
96 creatures vanquished.

Vanquished Creatures (collateral kills)
  The ghost of Herrn the Covered, an average TeFi (D:4)
  A yak (D:7)
  3 hogs (D:7)
  A black bear (D:7)
  A centaur (D:7)
  A crimson imp (D:7)
  A centaur skeleton (D:4)
  3 orc wizards
  A worker ant (D:7)
  An adder (D:3)
  A worm (D:2)
  2 giant geckos (D:1)
  6 orcs
  A bat (D:2)
  2 giant cockroaches (D:2)
  4 goblins
  2 hobgoblins
  A kobold (D:3)
  A giant newt (D:2)
  2 jackals (D:3)
36 creatures vanquished.

Vanquished Creatures (others)
  5 ice beasts (D:7)
  4 crimson imps
  7 hounds
  2 white imps (D:6)
  2 bats (D:7)
  2 quokkas (D:7)
  2 rats (D:1)
24 creatures vanquished.

Grand Total: 156 creatures vanquished

Notes
Turn   | Place    | Note
--------------------------------------------------------------
     0 | D:1      | PolkaDot, the Vampire Summoner, began the quest for the Orb.
     0 | D:1      | Reached XP level 1. HP: 13/13 MP: 3/3
   320 | D:1      | Reached skill level 1 in Fighting
   329 | D:1      | Reached XP level 2. HP: 5/21 MP: 1/4
   536 | D:1      | Learned a level 2 spell: Call Imp
  1393 | D:2      | Found a glowing silver altar of Zin.
  2070 | D:3      | Reached XP level 3. HP: 20/27 MP: 0/6
  2414 | D:3      | Found a glowing drain.
  2421 | Sewer    | Entered a sewer
  2509 | Sewer    | Noticed Purgy
  2520 | Sewer    | Killed Purgy
  2520 | Sewer    | Reached XP level 4. HP: 35/35 MP: 1/8
  2614 | Sewer    | Learned a level 3 spell: Call Canine Familiar
  3084 | D:3      | Reached XP level 5. HP: 14/41 MP: 2/11
  3460 | D:3      | Learned a level 4 spell: Summon Ice Beast
  3668 | D:4      | Got a twitching jade amulet
  3753 | D:4      | Noticed Herrn's ghost (average TeFi)
  3754 | D:4      | Identified the amulet "Atyjic" {Clar Str+4 Int+3 Dex+2} (You found it on level 4 of the Dungeon)
  3762 | D:4      | Gained mutation: Your system is resistant to poisons. [potion of mutation]
  4033 | D:4      | Found an ancient bone altar of Kikubaaqudgha.
  4400 | D:4      | Killed Herrn's ghost
  4400 | D:4      | Reached skill level 1 in Shields
  4400 | D:4      | Reached XP level 6. HP: 28/48 MP: 1/12
  5089 | D:5      | Entered Level 5 of the Dungeon
  5303 | D:5      | Found a staircase to the Ecumenical Temple.
  5363 | Temple   | Entered the Ecumenical Temple
  5480 | Temple   | Became a worshipper of Sif Muna the Loreminder
  5846 | D:5      | Found a sacrificial altar of Ru.
  6006 | D:6      | Found a sacrificial altar of Ru.
  6038 | D:6      | Reached skill level 5 in Summonings
  6038 | D:6      | Reached skill level 1 in Ice Magic
  6038 | D:6      | Reached XP level 7. HP: 52/54 MP: 14/14
  6283 | D:6      | Found a shattered altar of Ashenzari.
  6752 | D:7      | Acquired Sif Muna's first power
  7002 | D:7      | Found a huge runed gate.
  7002 | D:7      | Noticed a hog
  7003 | D:7      | Found a huge runed gate.
  7004 | D:7      | Found a huge runed gate.
  7004 | D:7      | Noticed a yak
  7004 | D:7      | Noticed a polar bear
  7005 | D:7      | Found a huge runed gate.
  7006 | D:7      | Noticed a hog
  7018 | D:7      | Noticed a hog
  7019 | D:7      | Noticed a hog
  7019 | D:7      | Noticed a hog
  7019 | D:7      | Noticed a yak
  7020 | D:7      | Noticed a polar bear
  7021 | D:7      | Noticed a polar bear
  7071 | D:7      | Reached XP level 8. HP: 33/60 MP: 6/16
  7188 | D:7      | Killed a hog
  7188 | D:7      | Reached skill level 6 in Summonings
  7191 | D:7      | Killed a hog
  7192 | D:7      | Killed a hog
  7208 | D:7      | Killed a yak
  7208 | D:7      | Reached skill level 5 in Dodging
  7208 | D:7      | Reached skill level 5 in Ice Magic
  7213 | D:7      | Slain by a polar bear

Action                   |  1- 3 |  4- 6 |  7- 9 || total
-------------------------+-------+-------+-------++-------
Melee: Unarmed           |   127 |       |       ||   127
       Trident           |    20 |   230 |   133 ||   383
       Dagger            |    15 |       |       ||    15
 Cast: Summon Small Mamm |    14 |       |     4 ||    18
       Call Imp          |    12 |    11 |     7 ||    30
       Call Canine Famil |       |     8 |     6 ||    14
       Summon Ice Beast  |       |       |     9 ||     9
Invok: Channel Energy    |       |       |    16 ||    16
  Use: Potion            |     7 |    12 |    11 ||    30
       Scroll            |     4 |     7 |     3 ||    14
 Stab: Sleeping          |     6 |    15 |     2 ||    23
       Invisible         |     3 |       |       ||     3
       Distracted        |       |     1 |     2 ||     3
  Eat: Corpse            |    15 |     2 |       ||    17
